 Dungeon Crawl Stone Soup version 0.13.0-18-g7b03ea5 (webtiles) character file.

3137 Lilouch the Hoplite (level 9, -12/52 HPs)
             Began as a Gargoyle Fighter on Oct 22, 2013.
             Was a Priest of Okawaru.
             Mangled by an orc knight
             ... wielding a -1,+1 orcish glaive
              (17 damage)
             ... in a bailey.
             The game lasted 00:32:46 (6027 turns).

Lilouch the Hoplite (Gargoyle Fighter)              Turns: 6027, Time: 00:32:46

HP -12/52        AC 14     Str 23      XL: 9   Next: 62%
MP   8/8         EV  9     Int  9      God: Okawaru [***...]
Gold 492         SH  0     Dex  9      Spells:  0 memorised,  8 levels left

Res.Fire  : . . .   See Invis. : .   l - +2,+0 elf whip (elec)
Res.Cold  : . . .   Warding    : .   b - +0 scale mail
Life Prot.: + . .   Conserve   : .   (no shield)
Res.Poison: +       Res.Corr.  : .   E - +1 wizard hat
Res.Elec. : +       Clarity    : .   M - +0 cloak
Sust.Abil.: + .     Spirit.Shd : .   (no gloves)
Res.Mut.  : .       Stasis     : .   (no boots)
Res.Rott. : +       Flight     : .   (no amulet)
Saprovore : . . .                    (no ring)
                                     L - ring of sustain abilities

@: slightly resistant to hostile enchantments, extremely unstealthy
A: fangs 1, talons 2, life protection 1, electricity resistance, slow metabolism
1, unbreathing, petrification resistance, AC +5
a: Heroism, Renounce Religion


You were in a bailey.
You worshipped Okawaru.
Okawaru was most pleased with you.
You were not hungry.

You visited 2 branches of the dungeon, and saw 8 of its levels.
You also visited: Bailey.

You collected 472 gold pieces.

Inventory:

Hand weapons
 a - a +0,+0 mace
 l - a +2,+0 elven whip of electrocution (weapon)
 x - a +2,+4 orcish halberd
Missiles
 C - 5 needles of slowing
Armour
 b - a +0 scale mail (worn)
 e - a +0 large shield
 w - a +1 dwarven shield
 E - a +1 wizard hat (worn)
 I - a +0 orcish chain mail
 M - a +0 cloak (worn)
Magical devices
 D - a wand of invisibility (4) {unknown}
 O - a wand of random effects (16) {unknown}
 Q - a wand of lightning (4) {unknown}
Comestibles
 d - 4 bread rations
 g - 2 chokos
 n - a pear
 z - 14 grapes
 B - a meat ration
 P - a lemon
 S - 6 sultanas
 V - a rotting chunk of orc flesh
Scrolls
 c - 2 scrolls of teleportation {unknown}
 i - a scroll of random uselessness {unknown}
 j - 2 scrolls of remove curse
 k - a scroll of curse armour {unknown}
 m - 2 scrolls of magic mapping {unknown}
 u - a scroll of blinking {unknown}
 F - a scroll of fog {unknown}
 N - a scroll of enchant weapon II {unknown}
 R - a scroll of noise {unknown}
Jewellery
 v - an uncursed ring of hunger
 y - a cursed ring of flight {unknown}
 K - an uncursed ring of hunger
 L - a ring of sustain abilities (left hand)
Potions
 f - 2 potions of speed {unknown}
 h - 3 potions of curing
 o - a potion of invisibility {unknown}
 p - a potion of mutation {unknown}
 s - a potion of confusion {unknown}
 t - a potion of resistance
 A - 3 potions of agility {unknown}
 G - a potion of brilliance
 H - 2 potions of heal wounds
 J - a potion of poison {unknown}
 T - 2 potions of might
 U - a potion of beneficial mutation {unknown}


   Skills:
 - Level 3.2 Fighting
 + Level 8.5 Maces & Flails
 - Level 3.2 Armour
   Level 11.6 Shields


You had 8 spell levels left.
You didn't know any spells.

Dungeon Overview and Level Annotations

Branches:
Dungeon (7/27)             Temple (1/1) D:5
    Orc: D:6-11

Altars:
Ashenzari
Cheibriados
Elyvilon
Fedhas
Kikubaaqudgha
Makhleb
Nemelex Xobeh
Okawaru
Trog
Xom


Innate Abilities, Weirdness & Mutations

You are resistant to torment.
You are immune to poison.
Your stone body is very resilient (AC +5).
You have very sharp teeth.
You have razor-sharp toenails.
You resist negative energy.
You are resistant to electric shocks.
You have a slow metabolism.
You can survive without breathing.
You are immune to petrification.


Message History

[Y]es or [N]o only, please.
Keep equipping yourself?
You continue putting on your +0 large shield.
The orc knight unwields an uncursed orcish trident.
The orc knight drops an uncursed orcish trident.
The orc knight picks up an orcish war axe.
The orc knight wields an orcish war axe.
The orc knight hits you from afar with an orcish glaive.
You continue putting on your +0 large shield.
The orc knight barely misses you.
The orc knight picks up an orcish hand axe.
You continue putting on your +0 large shield.
The orc knight hits you with an orcish war axe!
* * * LOW HITPOINT WARNING * * *
The orc knight hits you from afar with an orcish glaive!
* * * LOW HITPOINT WARNING * * *
You continue putting on your +0 large shield.
The orc knight hits you but does no damage.
The orc knight hits you from afar with an orcish glaive!
You die...

# ####### ############
#########.....## ##........∩.#
.#.....#.......######....))......
.'.....'.....[)#)..)#...)).......
.'.....'.....[oo@.))))..))).....∩
.'.....'......)#).))#...)))......
.#.....#.......######............
#########.....## ##........∩.# #
####### ############


You could see 2 orc knights.

Vanquished Creatures
  The ghost of Impy the Slasher, an average MiDK of Yredelemnul (D:4)
  Menkaure (D:6)
  2 sky beasts (D:5)
  8 orc warriors (Bailey)
  An ogre (D:5)
  A black bear (D:6)
  2 centaurs (D:5)
  A giant frog (D:5)
  4 wights (D:4)
  2 hounds (D:6)
  3 crimson imps
  A jelly (D:5)
  2 orc priests
  2 scorpions (D:5)
  5 worker ants
  2 orc wizards (D:4)
  4 gnolls (D:4)
  12 adders
  An inept feature mimic (D:3)
  2 giant mites (D:5)
  3 worms
  An iguana skeleton (D:6)
  3 oozes
  47 orcs
  8 giant cockroaches
  16 goblins
  12 hobgoblins
  4 quokkas
  2 ball pythons (D:3)
  14 bats
  5 giant geckos
  A giant newt (D:1)
  A gnoll zombie (D:5)
  A hobgoblin skeleton (D:5)
  4 jackals (D:1)
  9 kobolds
  7 rats
  2 plants (Temple)
197 creatures vanquished.

Notes
Turn   | Place    | Note
--------------------------------------------------------------
     0 | D:1      | Lilouch, the Gargoyle Fighter, began the quest for the Orb.
     0 | D:1      | Reached XP level 1. HP: 14/14 MP: 0/0
   218 | D:1      | Reached XP level 2. HP: 19/19 MP: 1/1
   472 | D:1      | Reached skill level 4 in Shields
   527 | D:1      | Reached XP level 3. HP: 21/24 MP: 2/2
  1082 | D:2      | Reached XP level 4. HP: 26/28 MP: 3/3
  1371 | D:2      | Reached skill level 5 in Shields
  1423 | D:2      | Found a sparkling altar of Nemelex Xobeh.
  1451 | D:2      | Found a shattered altar of Ashenzari.
  1452 | D:2      | Found a white marble altar of Elyvilon.
  1452 | D:2      | Found an ancient bone altar of Kikubaaqudgha.
  1453 | D:2      | Found a blossoming altar of Fedhas.
  1454 | D:2      | Found an iron altar of Okawaru.
  1455 | D:2      | Found a bloodstained altar of Trog.
  1458 | D:2      | Became a worshipper of Warmaster Okawaru
  1507 | D:2      | Reached XP level 5. HP: 33/33 MP: 4/4
  1575 | D:2      | Found a snail-covered altar of Cheibriados.
  2794 | D:4      | Noticed Impy's ghost (average MiDK)
  2822 | D:4      | Killed Impy's ghost
  2822 | D:4      | Reached skill level 5 in Maces & Flails
  2822 | D:4      | Reached skill level 6 in Shields
  2822 | D:4      | Reached XP level 6. HP: 28/38 MP: 5/5
  2834 | D:4      | Reached XP level 7. HP: 32/42 MP: 6/6
  2849 | D:4      | Reached skill level 7 in Shields
  3563 | D:5      | Entered Level 5 of the Dungeon
  3647 | D:5      | Reached skill level 8 in Shields
  3692 | D:5      | Found a staircase to the Ecumenical Temple.
  3710 | Temple   | Entered the Ecumenical Temple
  3745 | D:5      | Acquired Okawaru's first power
  3745 | D:5      | Reached XP level 8. HP: 48/48 MP: 7/7
  3865 | D:5      | Reached skill level 9 in Shields
  4357 | D:5      | Found a shimmering altar of Xom.
  4357 | D:5      | Found a burning altar of Makhleb.
  4603 | D:6      | Reached skill level 10 in Shields
  5120 | D:6      | Noticed Menkaure
  5124 | D:6      | Reached XP level 9. HP: 41/52 MP: 8/8
  5130 | D:6      | Killed Menkaure
  5275 | D:7      | Found a flagged portal.
  5288 | Bailey   | Entered a bailey
  5571 | Bailey   | Reached skill level 11 in Shields
  5996 | Bailey   | Noticed an orc knight
  5996 | Bailey   | Noticed an orc knight
  6027 | Bailey   | Mangled by an orc knight

Action                   |  1- 3 |  4- 6 |  7- 9 || total
-------------------------+-------+-------+-------++-------
Melee: Mace              |    74 |       |       ||    74
       Whip              |    24 |   113 |   404 ||   541
Invok: Heroism           |       |       |     1 ||     1
  Use: Scroll            |       |       |    10 ||    10
       Potion            |       |       |     5 ||     5
